 Dungeon Crawl Stone Soup version 0.32-a0-40-g2adb59a (webtiles) character file.

Game seed: 15781324771372688185

78 Dorkslayer the Ruffian (level 4, -2/41 HPs)
             Began as a Troll Shapeshifter on Jan 24, 2024.
             Engulfed by a cloud of steam (11 damage)
             ... on level 4 of the Dungeon.
             The game lasted 00:04:48 (1734 turns).

Dorkslayer the Ruffian (Troll Shapeshifter)         Turns: 1734, Time: 00:04:49

Health: -2/41      AC:  8    Str: 22    XL:     4   Next: 15%
Magic:  3/3        EV: 10    Int:  6    God:
Gold:   169        SH:  0    Dex: 11    Spells: 3/3 levels left

rFire   . .          .
                       - Unarmed
rCold   . . .        (no shield)
rNeg    . . .        a - +0 animal skin
rPois   .            (helmet currently unavailable)
rElec   .            (cloak currently unavailable)
rCorr   .            (gloves unavailable)
SInv    .            (boots unavailable)
Will    .....        (no amulet)
Stlth   +            m - +4 ring of protection
HPRegen 1.06/turn    (no ring)
MPRegen 0.08/turn

%: no passive effects
@: beast-form
A: beast (slay +1), large, unfitting armour, claws 3, regeneration 1, shaggy fur
1, tough skin 1
a: Begin Untransformation


You were on level 4 of the Dungeon.
You were a hulking beast.
You visited 1 branch of the dungeon, and saw 4 of its levels.

You collected 169 gold pieces.

Inventory:

Hand Weapons
 o - a +2 hand axe of electrocution
Armour
 a - a +0 animal skin (worn)
Jewellery
 m - a +4 ring of protection (left claw)
Talismans
 c - a beast talisman
 d - a flux talisman
 j - a storm talisman
Wands
 l - a wand of flame (6)
Scrolls
 g - a scroll of immolation
 k - a scroll of noise {unknown}
 n - a scroll of teleportation
 q - a scroll of enchant armour {unknown}
 r - a scroll of silence
Potions
 b - 2 potions of lignification
 e - a potion of ambrosia {unknown}
 f - a potion of brilliance {unknown}
 h - 3 potions of enlightenment {unknown}
 i - a potion of haste {unknown}
 p - 3 potions of degeneration {unknown}


   Skills:
 * Level 1.0 Fighting
 * Level 1.8 Dodging
 * Level 4.5 Unarmed Combat
 * Level 0.1 Evocations
 + Level 3.3 Shapeshifting


You had 3 spell levels left.
You didn't know any spells.
Your spell library was empty.

Dungeon Overview and Level Annotations

Branches:
Dungeon (4/15)
 Temple: D:4-7

Altars:


Innate Abilities, Weirdness & Mutations

You are a hulking beast.
Your limbs bulge with bestial killing power. (Slay +1)
You are too large for most types of armour.
You have claws for hands.
Your natural rate of healing is unusually fast.
You are covered in fur. (AC +1)
You have tough skin. (AC +1)


Message History

An orc comes into view. It is wielding a +0 trident.
The orc shouts!
There is an open door here.
The orc hits you but does no damage.
You barely miss the orc. You claw the orc!
You kill the orc!
You see here a +0 trident.
You open the door.
There is an open door here.
You open the door.
A steam dragon comes into view.
The steam dragon hisses angrily.
There is an open door here.
The steam dragon barely misses you.
The steam dragon claws you but does no damage.
You scratch the steam dragon but do no damage.
The steam dragon bites you. The steam dragon claws you.
You claw the steam dragon!
The steam dragon is heavily wounded.
The steam dragon bites you.
The steam dragon claws you but does no damage.
You closely miss the steam dragon.
The steam dragon is heavily wounded.
The steam dragon breathes steam at you. The ball of steam hits you!
You claw the steam dragon!
The steam dragon is almost dead.
You are engulfed in a cloud of scalding steam.
The steam dragon bites you.
* * * LOW HITPOINT WARNING * * *
The steam dragon claws you but does no damage.
The steam dragon bites you.
* * * LOW HITPOINT WARNING * * *
The steam dragon claws you.
* * * LOW HITPOINT WARNING * * *
You scratch the steam dragon.
You kill the steam dragon!
You are engulfed in a cloud of scalding steam.
You die...

..# ..# #.#
###.# ##.#.#
##..#.#
##...'.###
##....#...#####
#...h.#........
#....##..##.###
+...###..# #
#..####..#
#.###.#.##
####..#.# +
##...'.# #
##....#.# #
##.....#.#


There were no monsters in sight!

Vanquished Creatures
  A steam dragon (D:4)
  2 adders (D:2)
  2 dart slugs
  A ribbon worm (D:2)
  An orc (D:4)
  4 bats
  3 endoplasms
  2 giant cockroaches (D:1)
  3 goblins
  5 hobgoblins
  5 quokkas
  7 ball pythons
  A frilled lizard (D:1)
  8 kobolds
  3 rats
48 creatures vanquished.

Notes
Turn   | Place    | Note
-------+----------+-------------------------------------------
     0 | D:1      | Dorkslayer the Troll Shapeshifter began the quest for the
                  | Orb.
     0 | D:1      | Reached XP level 1. HP: 18/18 MP: 0/0
   181 | D:1      | Reached XP level 2. HP: 26/26 MP: 1/1
   399 | D:1      | Reached XP level 3. HP: 31/32 MP: 2/2
   482 | D:2      | Identified the +5 ring mail "Tomore" {Fly rElec MP+9 Int-2}
   490 | D:2      | Reached skill level 4 in Unarmed Combat
  1057 | D:3      | Reached XP level 4. HP: 40/40 MP: 3/3
  1245 | D:3      | Reached skill level 1 in Fighting
  1727 | D:4      | Noticed a steam dragon
  1734 | D:4      | Killed a steam dragon
  1734 | D:4      | Engulfed by a cloud of steam

Illustrated notes

Levels and vault maps discovered:
D:1:      dpeg_arrival_castle, layout_rooms, minmay_3d_cube
D:2:      layout_basic
D:3:      layout_loops_ring, chequers_serial_rivers_micro_a
D:4:      layout_loops_corners, serial_shops, shop, shop,
          nicolae_book_shop_shelving, shop, minmay_quadrilaterals, uniq_sigmund,
          uniq_robin

Skill      XL: |  1  2  3  4 |
---------------+-------------+-----
Unarmed Combat | 4 |  4.5
Fighting       | 1 |  1.0
Dodging        | |  1.8
Evocations     | |  0.1
Shapeshifting  | |  3.3

Action                     |  1- 3 |  4- 6 || total
---------------------------+-------+-------++-------
  Melee: Unarmed           |   103 |    23 ||   126
         Punch             |     1 |       ||     1
    Use: Scroll            |     3 |     1 ||     4
   Stab: Sleeping          |     1 |       ||     1
 Armour: Animal skin       |    67 |    23 ||    90
  Dodge: Dodged            |    40 |     7 ||    47

Table legend: (Time is in decaauts)
 A = Elapsed time spent in this place.
 B = Non-inter-level travel time spent in this place.
 C = Inter-level travel time spent in this place.
 D = Time resting spent in this place.
 E = Time spent auto-exploring this place.
 F = Levels seen in this place.
 G = Mean time per level.
                   A        B        C        D        E       F      G
               +--------+--------+--------+--------+--------+-----+--------+
         Total |   1723 |   1723 |      0 |      0 |    788 |   4 |  430.8 |
       Dungeon |   1723 |   1723 |      0 |      0 |    788 |   4 |  430.8 |
               +--------+--------+--------+--------+--------+-----+--------+

Top non-repeatable levels by time:
     D:3: 627 daAuts
     D:2: 523 daAuts
     D:1: 469 daAuts
     D:4: 102 daAuts
